[Event "Titled Tuesday Blitz January 11 2022"]
[White "Rasulov, Vugar"]
[Black "Paravyan, David"]
[WhiteFideId "13402390"]
[BlackFideId "4194985"]
[WhiteElo "2560"]
[BlackElo "2569"]
[Result "1-0"]
[Round "03"]
[TimeControl "180+1"]
[Date "2022.01.11"]
[WhiteClock "0:01:56"]
[BlackClock "0:00:01"]

1. d4 e6 2. e4 d5 3. Nd2 Bd7 4. Ngf3 dxe4 5. Nxe4 Bc6 6. Neg5 Nd7 7. Nxf7 Kxf7 8. Ng5+ Ke8 9. Bc4 Bd5 10. Nxe6 Bxc4 11. Nxd8 Kxd8 12. b3 Be6 13. O-O Ngf6 14. c4 Bd6 15. Re1 Re8 16. Bg5 h6 17. Bh4 c6 18. d5 cxd5 19. cxd5 Bf7 20. Rc1 Rc8 21. Rxe8+ Bxe8 22. Rxc8+ Kxc8 23. Bg3 Bc5 24. Qc2 Kd8 25. d6 Bf7 26. b4 Bb6 27. a4 Ke8 28. Qc8+ Bd8 29. Qxb7 Nd5 30. b5 Be6 31. Qxa7 Bb6 32. Qb7 Kf7 33. h4 Nc3 34. Qf3+ Ke8 35. Qxc3 1-0


[Site "https://www.chess.com"]

[Event "Titled Tuesday Blitz January 11 2022"]
[White "Rustemov, Alexander"]
[Black "Solovchuk, Oleksiy"]
[WhiteFideId "4119002"]
[BlackFideId "14115220"]
[WhiteElo "2828"]
[BlackElo "2295"]
[Result "0-1"]
[Round "03"]
[TimeControl "180+1"]
[Date "2022.01.11"]
[WhiteClock "0:00:01"]
[BlackClock "0:00:02"]

1. d4 Nf6 2. c4 e6 3. Nf3 b6 4. a3 Bb7 5. Nc3 d5 6. Bg5 a6 7. cxd5 exd5 8. e3 Nbd7 9. Bd3 Bd6 10. Qc2 Qe7 11. O-O h6 12. Bh4 O-O 13. Bf5 Rfd8 14. Rad1 g6 15. Bd3 Kg7 16. Rfe1 g5 17. Bg3 Bxg3 18. hxg3 Ne4 19. b4 Rac8 20. Qb2 Ndf6 21. Rb1 Rb8 22. Rec1 Nd6 23. a4 Nfe4 24. b5 axb5 25. axb5 Re8 26. Ne5 f6 27. Bxe4 dxe4 28. Nc6 Bxc6 29. bxc6 Qe6 30. Nb5 Nxb5 31. Qxb5 Ra8 32. Ra1 h5 33. d5 Qe5 34. Rxa8 Rxa8 35. Qc4 Kg6 36. Rd1 Ra1 37. Rxa1 Qxa1+ 38. Kh2 Qe5 39. d6 Qxd6 40. Qg8+ Kf5 41. Qe8 b5 42. Qd7+ Ke5 43. Qe8+ Kd5 44. Qxh5 Kxc6 45. Qe8+ Kb6 46. Qxe4 b4 47. f4 c5 48. fxg5 fxg5 49. Qc4 Qe5 50. e4 Qd4 51. Qe6+ Kb5 52. e5 c4 53. Qe8+ Kc5 54. e6 Qd3 55. Qc8+ Kb5 56. Qd7+ Ka5 57. Qc7+ Ka4 58. Qd7+ Kb3 59. Qf7 Qd5 60. Qf6 c3 61. e7 c2 62. e8=Q c1=Q 63. Qe2 Qc2 0-1


[Site "https://www.chess.com"]

[Event "Titled Tuesday Blitz January 11 2022"]
[White "Sadhwani, Raunak"]
[Black "FGHSMN"]
[WhiteFideId "35093487"]
[WhiteElo "2616"]
[BlackElo "2731"]
[Result "0-1"]
[Round "03"]
[TimeControl "180+1"]
[Date "2022.01.11"]
[WhiteClock "0:00:04"]
[BlackClock "0:00:07"]

1. d4 Nf6 2. Nf3 e6 3. Bf4 c5 4. e3 d5 5. c3 Nc6 6. Nbd2 Bd6 7. Bg3 Qe7 8. Ne5 Bxe5 9. dxe5 Nd7 10. Nf3 b6 11. Bd3 Bb7 12. Qa4 h5 13. Bh4 Qf8 14. Bb5 Rc8 15. Rd1 a6 16. Be2 b5 17. Qf4 Ne7 18. Bd3 Ng6 19. Bxg6 fxg6 20. Qg3 Qf5 21. O-O O-O 22. Be7 Rfe8 23. Bd6 Qg4 24. Nh4 g5 25. Nf3 Qxg3 26. fxg3 g4 27. Ng5 Bc6 28. Rf7 Nb6 29. b3 c4 30. Rdf1 cxb3 31. axb3 Nd7 32. h3 gxh3 33. Nxh3 a5 34. R7f2 a4 35. bxa4 bxa4 36. Nf4 a3 37. Nxh5 Bb5 38. Ra1 Rxc3 39. Nf4 Rxe3 40. Ng6 Bc4 41. Bxa3 Nxe5 42. Nxe5 Rxe5 43. Bb2 Rg5 44. Kh2 e5 45. Ra7 Re6 46. Bc1 Rh5+ 47. Kg1 d4 48. Rc7 Bd5 49. Rd7 Bc4 50. Rc7 Bb3 51. Rb2 Bd5 52. Rb5 Be4 53. Bb2 Rg6 54. Bxd4 Rxg3 55. Rb8+ Kh7 56. Kf2 Rxg2+ 57. Ke3 Bg6 58. Bxe5 Rxe5+ 59. Kd4 Re4+ 60. Kd5 Rd2+ 61. Kc6 Rc2+ 62. Kd6 Rxc7 63. Kxc7 Bf5 64. Kd6 g6 65. Rb2 Kh6 66. Rh2+ Kg5 67. Kd5 Kf4 68. Rh4+ Kg3 69. Rh6 g5 70. Rh5 Rg4 71. Ke5 Bd3 72. Kf6 Kf4 73. Rh2 Rg3 74. Rf2+ Kg4 75. Rd2 Be4 76. Rd4 Re3 77. Ke5 Kf3 78. Rd1 g4 79. Rf1+ Ke2 80. Rg1 g3 81. Kf4 Kf2 82. Ra1 g2 83. Rb1 Re2 0-1


[Site "https://www.chess.com"]

[Event "Titled Tuesday Blitz January 11 2022"]
[White "Sanal, Vahap"]
[Black "Shyaamnikhil P"]
[WhiteFideId "6300545"]
[BlackFideId "5024218"]
[WhiteElo "2603"]
[BlackElo "2292"]
[Result "1-0"]
[Round "03"]
[TimeControl "180+1"]
[Date "2022.01.11"]
[WhiteClock "0:00:55"]
[BlackClock "0:00:03"]

1. e4 c5 2. Nf3 d6 3. d4 cxd4 4. Nxd4 Nf6 5. Nc3 a6 6. a3 Nc6 7. Be2 e5 8. Nb3 Be7 9. Be3 Be6 10. Nd5 O-O 11. Bf3 Bxd5 12. exd5 Nb8 13. O-O Nbd7 14. c4 b6 15. Be2 a5 16. Nd2 a4 17. Nb1 Nc5 18. Nc3 Nfd7 19. Kh1 f5 20. f4 Bf6 21. Rb1 e4 22. Nb5 Nb7 23. Nd4 Bxd4 24. Bxd4 Ndc5 25. Qe1 Nb3 26. Bc3 N7c5 27. Qg3 Ra7 28. Qe3 Re8 29. Rg1 Nd3 30. Rbf1 Nbc5 31. g4 fxg4 32. Rxg4 Rf7 33. Rfg1 Ree7 34. f5 Ne5 35. Rg5 Qf8 36. Qh3 Ncd3 37. Qh4 h6 38. Qxh6 Rxf5 39. Qh4 Nf2+ 40. Kg2 Rxg5+ 41. Qxg5 e3 42. Qxe3 Neg4 43. Qf3 Rf7 44. Qg3 Rf4 45. Bf3 Qf5 46. h3 Nxh3 47. Re1 1-0


[Site "https://www.chess.com"]

[Event "Titled Tuesday Blitz January 11 2022"]
[White "Sarana, Alexey"]
[Black "Shkapenko, Pavel"]
[WhiteFideId "24133795"]
[BlackFideId "4151933"]
[WhiteElo "2665"]
[BlackElo "2386"]
[Result "1-0"]
[Round "03"]
[TimeControl "180+1"]
[Date "2022.01.11"]
[WhiteClock "0:02:21"]
[BlackClock "0:00:57"]

1. d4 Nf6 2. c4 e6 3. Nc3 Bb4 4. e3 c5 5. Bd3 cxd4 6. exd4 d5 7. cxd5 Nxd5 8. Ne2 O-O 9. O-O Nc6 10. a3 Ba5 11. Nxd5 exd5 12. Be3 Bc7 13. h3 Qf6 14. Qb3 Bf5 15. Bxf5 Qxf5 16. Qxb7 Rfc8 17. Rac1 Rab8 18. Qxc6 Bh2+ 19. Kxh2 Rxc6 20. Rxc6 Rxb2 21. Ng3 Qd7 22. Rfc1 h6 23. Rc8+ Kh7 24. R1c7 Qe6 25. Rf8 Kg6 26. Rxa7 h5 27. Rfxf7 Qxf7 28. Rxf7 Kxf7 29. Nxh5 Ke6 30. Nf4+ Kd6 31. h4 Ra2 32. Kg3 Rxa3 33. Kg4 Ra7 34. Kg5 Rd7 35. Kg6 Kc7 36. Ne6+ 1-0


[Site "https://www.chess.com"]

[Event "Titled Tuesday Blitz January 11 2022"]
[White "Senthil Maran K"]
[Black "Horvath, Dominik"]
[WhiteFideId "25035681"]
[BlackFideId "1642561"]
[WhiteElo "2194"]
[BlackElo "2336"]
[Result "1-0"]
[Round "03"]
[TimeControl "180+1"]
[Date "2022.01.11"]
[WhiteClock "0:00:05"]
[BlackClock "0:01:21"]

1. d4 Nf6 2. Nf3 d5 3. c4 e6 4. g3 Bb4+ 5. Bd2 a5 6. Qc2 O-O 7. Bg2 c5 8. O-O cxd4 9. Nxd4 Nc6 10. Nxc6 bxc6 11. c5 Bxd2 12. Nxd2 e5 13. Rfd1 Bg4 14. Nc4 Qe7 15. Nd6 Ne8 16. h3 Bh5 17. Nxe8 Rfxe8 18. Rd2 e4 19. e3 Rab8 20. Rc1 Rb5 21. Rd4 Reb8 22. b3 Rb4 23. Qc3 Be2 24. Rxb4 axb4 25. Qd4 h6 26. Bf1 Bxf1 27. Kxf1 Rb5 28. Kg2 f6 29. h4 h5 30. Rc2 Kh7 31. Rc1 Qe6 32. Rc2 Qc8 33. Qd2 Qf8 34. Qd4 Qf7 35. Rc1 Qg6 36. Ra1 Qf5 37. a3 Qf3+ 38. Kg1 bxa3 39. Rxa3 Qe2 40. Ra7 Qd1+ 41. Qxd1 1-0


[Site "https://www.chess.com"]

[Event "Titled Tuesday Blitz January 11 2022"]
[White "Shapkin, Anatoliy"]
[Black "Bluebaum, Matthias"]
[WhiteFideId "34108332"]
[BlackFideId "24651516"]
[WhiteElo "2223"]
[BlackElo "2550"]
[Result "0-1"]
[Round "03"]
[TimeControl "180+1"]
[Date "2022.01.11"]
[WhiteClock "0:00:11"]
[BlackClock "0:00:58"]

1. d4 Nf6 2. Nf3 d5 3. Bf4 c5 4. e3 Nc6 5. c3 Qb6 6. Qb3 c4 7. Qxb6 axb6 8. Na3 Na7 9. Nc2 Bf5 10. Rc1 Nc6 11. a3 h6 12. Be2 e6 13. Ne5 Nd7 14. Nxd7 Kxd7 15. f3 Bd6 16. Kf2 g5 17. Bxd6 Kxd6 18. Rhe1 b5 19. Bf1 Bg6 20. e4 Rhe8 21. e5+ Kc7 22. Ne3 h5 23. Be2 b4 24. axb4 Ra2 25. Nd1 Rea8 26. h4 gxh4 27. Rh1 Ra1 28. Ne3 Rxc1 29. Rxc1 Ra2 30. Nd1 Ne7 31. Ke3 Nf5+ 32. Kf4 Ng3 33. Ke3 Bf5 34. f4 Kd8 35. Bf3 Ke7 36. Kf2 Kf8 37. Ke3 Kg7 38. Kf2 f6 39. Ke3 Bg6 40. Kf2 Be8 41. Rb1 Bg6 42. Rc1 Bd3 43. Ke3 Kf7 44. Kf2 Kg6 45. Ke3 Kf5 46. Nf2 fxe5 47. dxe5 Rxb2 48. Nxd3 cxd3 49. Kxd3 Kxf4 50. Ra1 h3 51. Bxd5 exd5 52. gxh3 Kxe5 53. Ra7 Rh2 54. Rxb7 Rxh3 55. Rc7 Ne4+ 56. Kc2 Rxc3+ 57. Rxc3 Nxc3 58. Kxc3 h4 59. b5 h3 0-1


[Site "https://www.chess.com"]

[Event "Titled Tuesday Blitz January 11 2022"]
[White "Shimanov, Aleksandr"]
[Black "Siddharth, Jagadeesh"]
[WhiteFideId "4198603"]
[BlackFideId "5818320"]
[WhiteElo "2636"]
[BlackElo "2127"]
[Result "1-0"]
[Round "03"]
[TimeControl "180+1"]
[Date "2022.01.11"]
[WhiteClock "0:01:43"]
[BlackClock "0:00:48"]

1. b3 Nf6 2. Bb2 c5 3. Nf3 Nc6 4. e3 g6 5. Bb5 Bg7 6. O-O O-O 7. d3 Qc7 8. d4 cxd4 9. exd4 d5 10. h3 Bf5 11. c3 Ne4 12. Nbd2 a6 13. Bxc6 Qxc6 14. Rc1 Rac8 15. Re1 Qd7 16. Qe2 Nxd2 17. Qxd2 Qd6 18. Ne5 Be4 19. f3 Bf5 20. Re2 b5 21. Rce1 Rfe8 22. g4 Bd7 23. Kg2 Rc7 24. Nd3 e6 25. b4 a5 26. a3 axb4 27. axb4 Ra8 28. Nc5 Ra2 29. Qd3 Bh6 30. Bc1 Rxe2+ 31. Qxe2 Bxc1 32. Rxc1 Ra7 33. Rc2 Ra3 34. Qd2 Kg7 35. Ra2 Rxa2 36. Qxa2 Bc6 37. Qe2 Qf4 38. Nd3 Qc7 39. Qe5+ Qxe5 40. dxe5 f6 41. Kf2 fxe5 42. Nxe5 Be8 43. g5 Kf8 44. Ke3 Ke7 45. Kd4 Kd6 46. f4 1-0


[Site "https://www.chess.com"]

[Event "Titled Tuesday Blitz January 11 2022"]
[White "Sipetin, Vladislav"]
[Black "Narayanan.S.L"]
[WhiteFideId "24176893"]
[BlackFideId "5058422"]
[WhiteElo "2228"]
[BlackElo "2494"]
[Result "0-1"]
[Round "03"]
[TimeControl "180+1"]
[Date "2022.01.11"]
[WhiteClock "0:00:01"]
[BlackClock "0:00:53"]

1. e4 c5 2. c3 d5 3. exd5 Qxd5 4. d4 g6 5. Nf3 Bg7 6. Na3 cxd4 7. Bc4 Qd8 8. Nb5 a6 9. Nbxd4 Nf6 10. O-O O-O 11. Re1 b5 12. Bf1 Bb7 13. Ne5 Nbd7 14. Nec6 Qc7 15. Nxe7+ Kh8 16. a4 bxa4 17. Qxa4 Rae8 18. Qc4 Qd6 19. Ndc6 Bxc6 20. Bf4 Ne5 21. Bxe5 Qxe7 22. Qxc6 Rc8 23. Qxa6 Rfe8 24. Bb5 Red8 25. h3 h5 26. Bd4 Qd6 27. Qxd6 Rxd6 28. Ra7 Ng8 29. Bxg7+ Kxg7 30. Re8 Rd1+ 31. Kh2 Rc5 32. c4 Rd2 33. b4 Rg5 34. g4 hxg4 35. h4 g3+ 36. Kh3 g2 0-1


[Site "https://www.chess.com"]

[Event "Titled Tuesday Blitz January 11 2022"]
[White "Sjugirov, Sanan"]
[Black "Supatashvili, Khvicha"]
[WhiteFideId "4189302"]
[BlackFideId "13600664"]
[WhiteElo "2602"]
[BlackElo "2709"]
[Result "1-0"]
[Round "03"]
[TimeControl "180+1"]
[Date "2022.01.11"]
[WhiteClock "0:00:34"]
[BlackClock "0:00:03"]

1. e4 c5 2. Nf3 Nc6 3. Bb5 g6 4. Bxc6 bxc6 5. O-O Bg7 6. Re1 Qc7 7. c3 d6 8. h3 Nf6 9. d4 cxd4 10. cxd4 O-O 11. Nc3 c5 12. e5 dxe5 13. dxe5 Rd8 14. Qe2 Nd5 15. Nxd5 Rxd5 16. Bd2 Bf5 17. Bc3 Rad8 18. Rad1 Qd7 19. Rxd5 Qxd5 20. Qa6 Bxh3 21. Qxa7 Bg4 22. Qxe7 Bxf3 23. gxf3 Rf8 24. Kg2 h5 25. a4 c4 26. a5 Bh6 27. a6 Bf4 28. Re4 Bd2 29. Rd4 1-0


[Site "https://www.chess.com"]

[Event "Titled Tuesday Blitz January 11 2022"]
[White "Sorokin, Aleksey"]
[Black "Klenburg, Michael"]
[WhiteFideId "24176460"]
[BlackFideId "14102072"]
[WhiteElo "2476"]
[BlackElo "2359"]
[Result "1-0"]
[Round "03"]
[TimeControl "180+1"]
[Date "2022.01.11"]
[WhiteClock "0:01:12"]
[BlackClock "0:00:03"]

1. Nf3 Nf6 2. c4 g6 3. Nc3 Bg7 4. e4 O-O 5. d4 d6 6. Be2 e5 7. O-O Nc6 8. d5 Ne7 9. b4 Ne8 10. a4 f5 11. a5 Nf6 12. Re1 h6 13. Nd2 Kh8 14. a6 b6 15. c5 fxe4 16. Ndxe4 Nf5 17. Nxf6 Qxf6 18. Ne4 Qe7 19. cxd6 cxd6 20. b5 Rd8 21. Ba3 Bf8 22. Rc1 Qf7 23. Bg4 Be7 24. Rc7 Rd7 25. Qc1 Qe8 26. Bxf5 gxf5 27. Qxh6+ Kg8 28. Rxd7 Bxd7 29. Nxd6 Qf8 30. Qg6+ Qg7 31. Qxg7+ Kxg7 32. Nxf5+ Bxf5 33. Bxe7 Bd3 34. Rxe5 Bxb5 35. d6 Bd7 36. h4 Kf7 37. h5 Rh8 38. f3 b5 39. g4 b4 40. Re4 Rb8 41. Rf4+ Ke6 42. Re4+ Kf7 43. Re2 b3 44. Rb2 Be6 45. Kf2 Rb6 46. Kg3 Rxa6 47. h6 Rc6 48. h7 Kg7 49. Re2 Bd7 50. Rh2 Rc8 51. g5 a5 52. Bf6+ Kg6 53. h8=Q Rxh8 54. Rxh8 a4 55. Bb2 Kxg5 56. Rd8 1-0


[Site "https://www.chess.com"]

[Event "Titled Tuesday Blitz January 11 2022"]
[White "Tregubov, Pavel V."]
[Black "Holt, Conrad"]
[WhiteFideId "4115341"]
[BlackFideId "2034387"]
[WhiteElo "2341"]
[BlackElo "2586"]
[Result "1-0"]
[Round "03"]
[TimeControl "180+1"]
[Date "2022.01.11"]
[WhiteClock "0:00:17"]
[BlackClock "0:00:01"]

1. e4 e6 2. d4 d5 3. exd5 exd5 4. Nf3 Bd6 5. c4 dxc4 6. Bxc4 Ne7 7. O-O O-O 8. h3 Nd7 9. Nc3 Nb6 10. Bb3 Bf5 11. Re1 Nc6 12. Bg5 Be7 13. Bf4 Na5 14. Bc2 Bxc2 15. Qxc2 Nc6 16. Rad1 Nb4 17. Qe4 Re8 18. Qxb7 N4d5 19. Nxd5 Nxd5 20. Bg3 Rb8 21. Qxa7 Rxb2 22. Ne5 Qa8 23. Qxa8 Rxa8 24. Nc6 Bf8 25. Re5 Nc3 26. Rde1 f6 27. Ne7+ Kf7 28. R5e3 Rc2 29. a3 Rxa3 30. Nc6 Raa2 31. Nd8+ Kg6 32. Ne6 Bd6 33. Bxd6 cxd6 34. Rg3+ Kf7 35. Rxg7+ Ke8 36. Nc7+ Kf8 37. Rxh7 Ne2+ 38. Kh2 Kg8 39. Rd7 1-0


[Site "https://www.chess.com"]

[Event "Titled Tuesday Blitz January 11 2022"]
[White "Vallejo Diaz, Javier"]
[Black "Willow, Jonah B"]
[WhiteFideId "2256398"]
[BlackFideId "438804"]
[WhiteElo "2674"]
[BlackElo "2261"]
[Result "0-1"]
[Round "03"]
[TimeControl "180+1"]
[Date "2022.01.11"]
[WhiteClock "0:00:43"]
[BlackClock "0:01:47"]

1. e4 c5 2. Nf3 Nc6 3. Bb5 g6 4. O-O Bg7 5. Bxc6 dxc6 6. h3 e5 7. d3 Ne7 8. Be3 b6 9. Qd2 h6 10. Nc3 g5 11. a3 a5 12. Ne2 O-O 13. b4 cxb4 14. axb4 a4 15. Qc3 Qc7 16. Ra3 f5 17. Rfa1 f4 18. Bc1 b5 19. Bb2 Ng6 20. d4 Re8 21. d5 Bb7 22. Rd1 Rad8 23. Raa1 Rd7 24. dxc6 Qxc6 25. Qxc6 Bxc6 26. Rxd7 Bxd7 27. Nc3 Rc8 28. Rd1 Nf8 29. Rd2 a3 30. Ba1 Rc4 31. Nb1 a2 32. Nc3 Rxb4 33. Nxa2 Rb1+ 0-1


[Site "https://www.chess.com"]

[Event "Titled Tuesday Blitz January 11 2022"]
[White "Williams, Simon K"]
[Black "Hess, Robert"]
[WhiteFideId "404454"]
[BlackFideId "2022036"]
[WhiteElo "2468"]
[BlackElo "2557"]
[Result "0-1"]
[Round "03"]
[TimeControl "180+1"]
[Date "2022.01.11"]
[WhiteClock "0:00:01"]
[BlackClock "0:00:03"]

1. e4 g6 2. d4 Bg7 3. Nc3 a6 4. h4 h6 5. f4 d5 6. Nxd5 c6 7. Nc3 Bxd4 8. Nf3 Bxc3+ 9. bxc3 Qxd1+ 10. Kxd1 Nf6 11. Bd3 Nbd7 12. e5 Ng4 13. Ke2 Nc5 14. h5 gxh5 15. Rxh5 Be6 16. Be3 Na4 17. Bd2 O-O-O 18. Rh4 Rhg8 19. a3 c5 20. Rb1 c4 21. Bh7 Rg7 22. Be4 Nc5 23. f5 Nxe4 24. fxe6 fxe6 25. Rg1 Nxd2 26. Nxd2 b5 27. a4 Nxe5 28. axb5 axb5 29. Rh5 Rd5 30. Rxh6 Ng6 31. Nf3 Nf4+ 32. Ke3 Nxg2+ 33. Kf2 Rf5 34. Rxg2 Rgf7 35. Rg3 R5f6 36. Rxf6 exf6 37. Ke3 e5 38. Ke4 Kd7 39. Kd5 Kc7 40. Kc5 f5 41. Rg6 e4 42. Nd4 f4 43. Nxb5+ Kd7 44. Nd4 f3 45. Rd6+ Kc7 46. Re6 f2 47. Nb5+ Kd7 48. Rd6+ Ke7 49. Rd1 f1=Q 50. Rxf1 Rxf1 51. Kxc4 Rd1 52. Nd4 Kf6 53. Kd5 Re1 54. Kc4 Ke5 55. Nc6+ Kf4 56. Nd4 Rd1 57. Ne6+ Ke3 58. Kc5 Kf2 59. c4 e3 60. Nf4 Kf3 61. Nd3 e2 0-1


[Site "https://www.chess.com"]

[Event "Titled Tuesday Blitz January 11 2022"]
[White "Yilmaz, Mustafa"]
[Black "Boyer, Mahel"]
[WhiteFideId "6302718"]
[BlackFideId "45102422"]
[WhiteElo "2568"]
[BlackElo "2328"]
[Result "0-1"]
[Round "03"]
[TimeControl "180+1"]
[Date "2022.01.11"]
[WhiteClock "0:00:39"]
[BlackClock "0:01:03"]

1. d4 d5 2. c4 e6 3. Nc3 h6 4. Nf3 Nf6 5. e3 Nbd7 6. a3 dxc4 7. Bxc4 a6 8. Ba2 c5 9. O-O Qc7 10. d5 exd5 11. Bxd5 Bd6 12. e4 O-O 13. h3 Ne5 14. Be3 Be6 15. Bxe6 fxe6 16. Nd2 c4 17. f4 Nd3 18. Qe2 Nxf4 19. Bxf4 Bxf4 20. Nxc4 Qc5+ 21. Qf2 Bh2+ 22. Kxh2 Ng4+ 23. hxg4 Rxf2 24. Rxf2 Qxf2 25. Rd1 Rf8 26. Nd6 Qxb2 27. Rd3 Qxa3 28. e5 Qc5 29. Nce4 Qxe5+ 30. Kh3 Rf1 31. g3 Rh1+ 32. Kg2 Qa1 33. Nf2 Qf1+ 34. Kf3 Rh2 35. Rd2 Rxf2+ 0-1


[Site "https://www.chess.com"]

[Event "Titled Tuesday Blitz January 11 2022"]
[White "Zelbel, Patrick"]
[Black "Goncalves, Ivan Mesquita V"]
[WhiteFideId "24624322"]
[BlackFideId "2114224"]
[WhiteElo "2493"]
[BlackElo "2299"]
[Result "1-0"]
[Round "03"]
[TimeControl "180+1"]
[Date "2022.01.11"]
[WhiteClock "0:00:26"]
[BlackClock "0:00:16"]

1. e4 e5 2. f4 exf4 3. Nf3 g5 4. Nc3 d6 5. d4 c6 6. g3 g4 7. Nh4 f3 8. Be3 Qa5 9. Qd2 Be7 10. O-O-O b5 11. a3 Nf6 12. h3 h5 13. Kb1 b4 14. axb4 Qxb4 15. Bg5 Nbd7 16. e5 Rb8 17. b3 dxe5 18. dxe5 Nc5 19. Bxf6 Bxf6 20. exf6 Be6 21. Qd6 Nxb3 22. Qxb4 Rxb4 23. cxb3 Bxb3 24. Re1+ Kd7 25. Rh2 Rhb8 26. Kc1 Be6 27. Rd2+ Kc7 28. hxg4 hxg4 29. Ng6 Rb3 30. Rc2 Bf5 31. Re7+ Kd6 32. Rd2+ Kc5 33. Re5+ Kb4 34. Na2+ Ka3 35. Ra5# 1-0


[Site "https://www.chess.com"]

[Event "Titled Tuesday Blitz January 11 2022"]
[White "Abdrlauf, Elham"]
[Black "Goltsev, Dmitry"]
[WhiteFideId "1533533"]
[BlackFideId "24176710"]
[WhiteElo "2334"]
[BlackElo "2273"]
[Result "0-1"]
[Round "04"]
[TimeControl "180+1"]
[Date "2022.01.11"]
[WhiteClock "0:00:01"]
[BlackClock "0:00:08"]

1. e4 e6 2. d4 d5 3. Nc3 Nf6 4. Bg5 dxe4 5. Nxe4 Be7 6. Bxf6 gxf6 7. Nf3 f5 8. Ng3 Nd7 9. Qd2 b6 10. Nh5 Rg8 11. Bb5 Bg5 12. Qe2 Bb7 13. Ne5 c6 14. Nxc6 Qc7 15. Ne5 O-O-O 16. Bxd7+ Rxd7 17. Nxd7 Qxd7 18. c3 Bh4 19. O-O-O Rxg2 20. Rhg1 Rxf2 21. Rg8+ Kc7 22. Qe5+ Qd6 23. Rg7 Qxe5 24. Rxf7+ Kc8 25. dxe5 Be4 26. Rg7 h6 27. Rdg1 Bg5+ 28. R7xg5 hxg5 29. Rxg5 Rc2+ 30. Kd1 Rxh2 31. Nf4 Rxb2 32. Nxe6 Kd7 33. Nd4 Rxa2 34. Rg7+ Ke8 35. e6 f4 36. Nb5 Bf3+ 37. Kc1 Re2 38. Nd6+ Kf8 39. Rf7+ Kg8 40. e7 Bc6 41. Rf8+ Kg7 42. Rf7+ Kg6 43. Kd1 Re6 44. e8=Q Bxe8 0-1


[Site "https://www.chess.com"]

[Event "Titled Tuesday Blitz January 11 2022"]
[White "Aradhya, Garg"]
[Black "Pakleza, Zbigniew"]
[WhiteFideId "25006746"]
[BlackFideId "1119290"]
[WhiteElo "2169"]
[BlackElo "2467"]
[Result "1-0"]
[Round "04"]
[TimeControl "180+1"]
[Date "2022.01.11"]
[WhiteClock "0:00:17"]
[BlackClock "0:00:05"]

1. d4 d6 2. Nf3 Bg4 3. c4 c6 4. Nc3 Nd7 5. e4 e5 6. Be2 Ngf6 7. O-O Be7 8. Be3 O-O 9. Rc1 a6 10. d5 Bxf3 11. Bxf3 c5 12. a3 Rc8 13. Qd2 Ne8 14. g3 g6 15. Kg2 Ng7 16. Bd1 f5 17. f4 Bf6 18. exf5 Nxf5 19. Ne4 Qe7 20. Nxf6+ Nxf6 21. fxe5 Qxe5 22. Bf4 Qe7 23. Bc2 Nd4 24. Rce1 Qd7 25. Bh6 Rf7 26. Bxg6 hxg6 27. Qg5 Kh7 28. Rxf6 Rxf6 29. Qxf6 Nf5 30. Bf4 Re8 31. Re6 Rg8 32. g4 Qg7 33. gxf5 gxf5+ 34. Qxg7+ Rxg7+ 35. Kf3 1-0


[Site "https://www.chess.com"]

[Event "Titled Tuesday Blitz January 11 2022"]
[White "Araujo Sanchez, Josue"]
[Black "Maksimovic, Bojan"]
[WhiteFideId "6416896"]
[BlackFideId "14408120"]
[WhiteElo "2357"]
[BlackElo "2450"]
[Result "1/2-1/2"]
[Round "04"]
[TimeControl "180+1"]
[Date "2022.01.11"]
[WhiteClock "0:00:21"]
[BlackClock "0:00:18"]

1. e4 c5 2. Nf3 Nc6 3. d4 cxd4 4. Nxd4 Nf6 5. Nc3 e5 6. Ndb5 h6 7. Nd5 Nxd5 8. exd5 a6 9. dxc6 axb5 10. cxd7+ Bxd7 11. Bd3 Bc5 12. O-O O-O 13. Qe2 Qb6 14. Qxe5 Rfe8 15. Qg3 Ra4 16. Bd2 Rg4 17. Qf3 h5 18. Rfe1 Rxe1+ 19. Rxe1 Bc6 20. Be4 Bxf2+ 21. Qxf2 Qxf2+ 22. Kxf2 Bxe4 23. g3 h4 24. c3 f6 25. Bf4 hxg3+ 26. hxg3 Bc6 27. Re7 g5 28. Be3 Re4 29. Rxe4 Bxe4 30. Bd4 Kf7 31. Ke3 Bd5 32. a3 Kg6 33. Kf2 Kf5 34. Bc5 Ke6 35. Bd4 Bc6 36. Ke3 Kf5 37. Bb6 Kg4 38. Kf2 f5 39. Bd8 f4 40. gxf4 Kxf4 41. Bc7+ Kf5 42. Kg3 g4 43. Bb8 Bf3 44. Bd6 Ke4 45. Bb4 Kd3 46. b3 Kc2 47. a4 Kxb3 48. axb5 Kc4 49. b6 Kb5 50. Bd6 Kxb6 51. Bb4 Kc6 52. Ba5 Kd5 53. Bb4 Kc4 54. Ba5 Kb5 55. Bb4 b6 56. Bd6 Kc4 57. Bb4 Kd3 58. Kf2 Bb7 59. Kg3 Bc8 60. Kf2 Bd7 61. Kg3 Be6 62. Kf2 Ke4 63. Kg3 Kd3 64. Kf2 Bd7 65. Kg3 Ke4 66. Ba3 Kd5 67. Bb4 Ke4 68. Ba3 Bc8 69. Bb4 Kd5 70. Ba3 Kc4 71. Bb4 b5 72. Kf2 Kd3 73. Kg3 Ke4 74. Kf2 Kf5 75. Kg3 Ke4 76. Ba5 Kd3 77. Bb4 Kc4 78. Kf4 Kb3 79. Kg3 Ka4 80. Kf2 Kb3 81. Kg3 Kc2 82. Kf2 Kd3 83. Kg3 1/2-1/2


[Site "https://www.chess.com"]

[Event "Titled Tuesday Blitz January 11 2022"]
[White "Avila Pavas, Santiago"]
[Black "Kobalia, Mikhail"]
[WhiteFideId "4437128"]
[BlackFideId "4119150"]
[WhiteElo "2242"]
[BlackElo "2667"]
[Result "0-1"]
[Round "04"]
[TimeControl "180+1"]
[Date "2022.01.11"]
[WhiteClock "0:00:03"]
[BlackClock "0:00:05"]

1. d4 d5 2. Bf4 c5 3. e3 Nc6 4. c3 Bf5 5. Nd2 e6 6. Qb3 Qd7 7. Ngf3 c4 8. Qb5 a6 9. Qb6 Be7 10. Ne5 Nxe5 11. Bxe5 Nf6 12. b3 cxb3 13. axb3 Rc8 14. c4 O-O 15. Be2 Ne4 16. Nxe4 Bxe4 17. O-O Bc2 18. c5 f6 19. Bg3 e5 20. Rfc1 Be4 21. b4 Bd8 22. Qa7 exd4 23. exd4 f5 24. Be5 Bf6 25. Bxf6 Rxf6 26. Rxa6 Qe7 27. Rxf6 Qxf6 28. Qxb7 Re8 29. Bb5 Qg5 30. Bf1 Qxc1 31. Qd7 Rf8 32. g3 Bd3 33. Qxd5+ Kh8 34. Qg2 Re8 35. b5 Bxf1 36. Qxf1 Re1 0-1


[Site "https://www.chess.com"]

[Event "Titled Tuesday Blitz January 11 2022"]
[White "Bluebaum, Matthias"]
[Black "Talibov, Shiroghlan"]
[WhiteFideId "24651516"]
[BlackFideId "13429078"]
[WhiteElo "2550"]
[BlackElo "2070"]
[Result "0-1"]
[Round "04"]
[TimeControl "180+1"]
[Date "2022.01.11"]
[WhiteClock "0:00:15"]
[BlackClock "0:00:59"]

1. d4 g6 2. c4 Bg7 3. e4 d6 4. Nc3 Nc6 5. d5 Nd4 6. Be3 c5 7. Nge2 Nxe2 8. Bxe2 e5 9. h4 h5 10. g4 Bxg4 11. Bxg4 hxg4 12. Qxg4 Nf6 13. Qf3 Qd7 14. O-O-O Qg4 15. Qg3 Bh6 16. Bxh6 Rxh6 17. Nb5 Kd7 18. Qb3 Qf4+ 19. Kb1 Nxe4 20. Ka1 a6 21. Nc3 Rb8 22. Qa4+ Ke7 23. Qa5 b6 24. Qxa6 Rd8 25. Nxe4 Qxe4 26. f4 Qxf4 27. Rhf1 Qg4 28. Qxb6 Rd7 29. Rde1 Rh5 30. Qc6 Rf5 31. Rxf5 gxf5 32. Qa4 Qxh4 33. Qc2 Qxe1+ 34. Qd1 Qxd1# 0-1


[Site "https://www.chess.com"]

[Event "Titled Tuesday Blitz January 11 2022"]
[White "Boruchovsky, Avital"]
[Black "Sanal, Vahap"]
[WhiteFideId "2800055"]
[BlackFideId "6300545"]
[WhiteElo "2469"]
[BlackElo "2603"]
[Result "0-1"]
[Round "04"]
[TimeControl "180+1"]
[Date "2022.01.11"]
[WhiteClock "0:00:14"]
[BlackClock "0:00:15"]

1. e4 c5 2. c3 e6 3. d4 d5 4. exd5 exd5 5. Nf3 Nf6 6. Bb5+ Bd7 7. Bxd7+ Nbxd7 8. O-O Be7 9. dxc5 Nxc5 10. Nd4 O-O 11. Nf5 Re8 12. Nxe7+ Qxe7 13. Be3 Rad8 14. Nd2 b6 15. Nb3 Qc7 16. Qf3 Nfe4 17. Rad1 h6 18. h3 a5 19. Nxc5 bxc5 20. Rd3 Qb7 21. b3 a4 22. Qd1 axb3 23. axb3 Ra8 24. Qc2 Reb8 25. f3 Ng3 26. Re1 Re8 27. Qf2 Qc7 28. Rxd5 h5 29. Rxc5 Qb8 30. Bd4 Rxe1+ 31. Qxe1 h4 32. Rg5 g6 33. Rg4 Qd8 34. Kh2 Nf5 35. Bf2 Qd6+ 36. f4 Ra2 37. Bxh4 Qc6 38. Bf2 Rc2 39. Bd4 Nh6 40. Qe5 Nxg4+ 41. Kg3 Qxg2+ 42. Kh4 Nxe5 0-1


[Site "https://www.chess.com"]